cohdb
Replays
Latest Replays
All Replays
Popular Replays
Top Player Replays
Match Explorer
How It Works
Community
CoH3 Stats
Reddit
Sign in to upload your games and track your stats! →
Sign in with Steam
Match 25632404
Unlisted
Match 25632404
Overview
Messages
Build Orders
End
Construct Infanterie Kompanie
Kettenkrad Recon Vehicle
Selects Breakthrough Battlegroup
Selects Assault Grenadiers
MG 42 Machine Gun Team
Grenadier Squad
Grenadier Squad
Infanterie Officer Quarters
Grenadier Squad
Construct Panzergrenadier Kompanie
Selects Rapid Production
251 Medium Carrier
MG 42 Machine Gun Team
Support Elements
StuG III G Assault Gun
DodoSlayer27
Steken
Dima
Eber
Piros
Eliasga89
0
0
Comments
sign in to comment!
No comments posted yet!